Map: Orbital Shipyard

Players

iPoopWeiners

  • Race: Terran Terran
  • League: Platinum

Javert - Winner!

  • Race: Zerg Zerg
  • League: Platinum

VOD

Have the link to the VOD?

Description

Time

  • Played on: Aug. 11, 2015, 11:26 p.m.
  • Length: 11:21
Show
View Real Time Build Order
Export as new Build Order

iPoopWeiners Terran 

Build Orders: 1/1/1 

Get SALT Encoding   

  12  0:01  SCV  
  13  0:13  SCV  
  14  0:18  Supply Depot  
  14  0:25  SCV  
  14  0:28  Refinery  
  15  0:39  SCV  
  16  0:45  Barracks  
  16  0:51  SCV  
  17  0:57  Refinery  
  17  1:04  SCV  
  18  1:16  SCV  
  19  1:32  Marine, Orbital Command  
  20  1:40  Factory  
  20  1:47  Supply Depot  
  20  1:51  Marine  
  21  1:57  SCV  
  22  2:09  SCV  
  22  2:10  Barracks Reactor  
  23  2:21  SCV  
  24  2:24  Factory Tech Lab, Starport  
  24  2:33  SCV  
  25  2:43  Supply Depot  
  28  2:44  Siege Tank  
  28  2:46  SCV  
  28  2:47  Marine  
  30  2:59  SCV  
  30  3:04  Marine  
  30  3:05  Medivac, Marine  
  33  3:10  Supply Depot  
  35  3:19  Siege Tank  
  38  3:22  Marine  
  39  3:31  Marine  
  39  3:33  Supply Depot  
  40  3:37  Medivac  
  42  3:47  Marine  
  43  3:49  Marine  
  43  3:54  Barracks  
  44  3:57  Supply Depot  
  44  4:06  Marine  
  44  4:07  Medivac  
  47  4:15  Marine  
  48  4:24  Marine  
  48  4:29  Siege Tank  
  52  4:33  Marine  
  52  4:37  Medivac  
  55  4:42  Marine  
  57  4:46  Barracks Tech Lab  
  57  4:49  Supply Depot  
  57  4:51  Marine  
  57  4:59  Marine  
  58  5:09  Marine  
  56  5:17  Marine  
  50  5:29  Marine x2  
  50  5:35  Marine  
  50  5:40  Supply Depot  
  50  5:41  Siege Tank  
  50  5:42  Barracks, Medivac  
  56  5:44  Barracks  
  56  5:47  Marine x2  
  58  5:53  Marine  
  55  6:05  Marine x2  
  55  6:11  Marine  
  57  6:12  Medivac  
  56  6:23  Marine x2  
  58  6:29  Marine  
  58  6:40  Marine  
  58  6:41  Siege Tank  
  58  6:44  Marine  
  58  6:46  Marine  
  64  6:58  Marine  
  61  7:02  Marine  
  61  7:04  Marine  
  57  7:10  Stimpack  
  57  7:13  Siege Tank  
  60  7:16  Marine  
  60  7:18  Barracks Reactor x2  
  60  7:20  Marine  
  60  7:22  Marine  
  61  7:34  Marine  
  59  7:38  Marine  
  59  7:40  Marine  
  53  7:52  Marine  
  53  7:56  Marine x3  
  53  7:58  Marine  
  58  8:02  Marine  
  51  8:09  Marine  
  51  8:10  Marine  
  48  8:13  Marine  
  48  8:14  Marine x2  
  48  8:15  Marine  
  52  8:20  Marine  
  53  8:27  Marine  
  53  8:29  Medivac  
  53  8:32  Marauder  
  58  8:43  Marine x5  
  58  8:45  Marine  
  64  8:49  Siege Tank  
  64  8:53  Marine  
  68  9:01  Marine x2  
  68  9:02  Marine x2  
  71  9:11  Combat Shields  
  71  9:16  Marine x3  
  73  9:18  Marine  
  73  9:21  Siege Tank  
  73  9:22  Marine x2  
  76  9:32  Marine  
  76  9:34  Marine x2  
  79  9:46  Marine x2  
  71  9:53  Marine  
Show
View Real Time Build Order
Export as new Build Order

Javert Zerg - Winner!

Build Orders: Hatch First 

Get SALT Encoding   

  12  0:01  Drone  
  13  0:13  Overlord  
  13  0:20  Drone  
  14  0:31  Drone  
  14  0:32  Drone  
  16  0:36  Drone  
  17  0:52  Hatchery  
  17  0:54  Drone  
  17  0:58  Extractor  
  17  1:02  Drone  
  17  1:09  Drone  
  18  1:19  Spawning Pool  
  18  1:22  Drone  
  18  1:30  Drone  
  19  1:40  Drone  
  20  1:51  Drone  
  21  2:07  Queen x2  
  25  2:09  Metabolic Boost  
  25  2:11  Zergling x4  
  25  2:14  Overlord  
  27  2:23  Drone  
  28  2:37  Drone x3  
  28  2:38  Drone  
  32  2:49  Queen  
  34  3:01  Overlord  
  34  3:02  Hatchery  
  33  3:05  Overlord  
  33  3:10  Drone x3  
  36  3:23  Drone x5  
  41  3:35  Overlord  
  41  3:37  Lair  
  41  3:42  Drone x5  
  45  3:53  Zergling x6  
  45  3:54  Spore Crawler, Zergling x2  
  48  4:08  Spore Crawler  
  48  4:09  Overlord  
  47  4:10  Zergling x2  
  47  4:11  Zergling x6  
  48  4:24  Extractor  
  45  4:42  Drone  
  45  4:43  Drone x4  
  45  4:45  Extractor  
  49  4:48  Extractor  
  48  4:53  Zergling x18  
  48  4:54  Zergling x18  
  48  4:59  Spire  
  60  5:16  Drone x3  
  60  5:17  Drone x3  
  59  5:35  Overlord  
  54  5:36  Drone x3  
  54  5:37  Drone x2  
  58  5:49  Spore Crawler, Zergling x14  
  62  6:02  Zergling x8  
  62  6:03  Queen  
  65  6:07  Spine Crawler  
  58  6:14  Zergling x6  
  58  6:15  Zergling x6  
  61  6:24  Mutalisk x2  
  61  6:25  Mutalisk x2  
  64  6:26  Mutalisk x3  
  74  6:39  Queen  
  68  6:41  Mutalisk x2  
  68  6:42  Mutalisk  
  71  6:59  Mutalisk x2  
  66  7:05  Zergling x2  
  66  7:06  Zergling x14  
  65  7:23  Zergling x10  
  65  7:24  Zergling x4  
  69  7:36  Zergling x2  
  69  7:37  Zergling x12  
  67  7:51  Overlord  
  62  8:02  Mutalisk x2  
  62  8:03  Mutalisk  
  62  8:10  Overlord  
  61  8:15  Mutalisk x2  
  61  8:16  Mutalisk x3  
  71  8:31  Hatchery  
  70  8:35  Hatchery  
  70  8:37  Zergling x2  
  70  8:38  Zergling x6  
  73  8:46  Mutalisk x2  
  73  8:47  Mutalisk  
  79  8:55  Overlord  
  79  8:57  Overlord  
  79  9:04  Overlord x2  
  67  9:26  Mutalisk x4  
  67  9:29  Zergling x8  
  67  9:30  Zergling x2  
  76  9:38  Zergling x4  
  72  9:58  Zergling x8  
  72  9:59  Zergling x4  
  70  10:10  Queen  
  70  10:14  Drone x2  
  70  10:15  Drone x6  
  70  10:22  Overlord  
  70  10:25  Drone x3  
  70  10:33  Overlord x2  
  70  10:48  Drone x3  
  70  11:01  Drone x6  
  70  11:03  Extractor  
  70  11:04  Extractor  
  70  11:13  Spine Crawler  
  70  11:15  Extractor x2  
  70  11:16  Spore Crawler  
Tags
 
Add a new tag
Caveats
  • Supply blocks, unpowered buildings, or Contaminate may cause inaccurate times.
  • Supply counts are checked every 10 seconds.